 Dungeon Crawl Stone Soup version 0.31-a0-198-g2ad674f65e (webtiles) character file.

Game seed: 4736929599169274222

1494 nono the Covered (level 8, -1/73 HPs)
             Began as an Armataur Fighter on June 25, 2023.
             Was an Initiate of the Shining One.
             Slain by a sixfirhy (3 damage)
             ... summoned by a kobold demonologist
             ... on level 6 of the Dungeon.
             The game lasted 00:12:04 (4693 turns).

nono the Covered (Armataur Fighter)                 Turns: 4693, Time: 00:12:05

Health: -1/73      AC: 12    Str: 24    XL:     8   Next: 51%
Magic:  2/2        EV:  7    Int:  9    God:    the Shining One [......]
Gold:   225        SH:  5    Dex:  9    Spells: 7/7 levels left

rFire   + . .        A - +0 flail (antimagic)
rCold   + . .        c - +0 buckler
rNeg    . . .        b - +0 scale mail
rPois   +            x - +0 helmet
rElec   +            u - +0 cloak
rCorr   +            i - +1 pair of gloves
SInv    .            (no barding)
Will    .....        (no amulet) Stlth
                     (no ring)
HPRegen 0.32/turn    (no ring)
MPRegen 0.08/turn

%: roll
@: mighty, resistant, hasted, glowing, very quick
A: large, rugged brown scales 3, deformed body, armoured tail, roll, long
tongue, awkward tongue
a: Renounce Religion


You were on level 6 of the Dungeon.
You worshipped the Shining One.
The Shining One was noncommittal.
You visited 2 branches of the dungeon, and saw 7 of its levels.

You collected 225 gold pieces.

Inventory:

Hand Weapons
 a - a +0 flail
 v - a +1 short sword of draining
 A - a +0 antimagic flail (weapon)
Missiles
 y - a throwing net
Armour
 b - a +0 scale mail (worn)
 c - a +0 buckler (worn)
 i - a +1 pair of gloves (worn)
 u - a +0 cloak (worn)
 x - a +0 helmet (worn)
Wands
 B - a wand of mindburst (16)
 C - a wand of flame (25)
 E - a wand of roots (7)
Scrolls
 e - 2 scrolls of blinking {unknown}
 g - 3 scrolls of noise
 j - 6 scrolls of revelation
 k - a scroll of fog {unknown}
 m - a scroll of immolation {unknown}
 n - a scroll of fear {unknown}
 p - a scroll of teleportation {unknown}
 q - a scroll of torment {unknown}
 s - 2 scrolls of amnesia {unknown}
 D - a scroll of enchant armour {unknown}
Potions
 d - a potion of might
 f - a potion of curing
 h - a potion of ambrosia
 r - 2 potions of cancellation {unknown}
 t - 2 potions of brilliance {unknown}
 w - a potion of enlightenment
 z - 2 potions of mutation {unknown}


   Skills:
 + Level 5.5 Fighting
 + Level 5.1 Maces & Flails
 + Level 7.3 Armour
 + Level 6.7 Shields


You had 7 spell levels left.
You didn't know any spells.
Your spell library contained the following spells:

 Spells                   Type           Power      Damage    Failure   Level
 Poisonous Vapours        Pois/Air       0%         N/A       85%         2
 Mephitic Cloud           Conj/Pois/Air  0%         N/A       97%         3
 Ozocubu's Armour         Ice            0%         N/A       97%         3
 Freezing Cloud           Conj/Ice/Air   0%         6-21      100%        5
 Ozocubu's Refrigeration  Ice            0%         4d7       100%        7


Dungeon Overview and Level Annotations

Branches:
Dungeon (6/15)             Temple (1/1) D:5

Altars:
Ashenzari
Cheibriados
Dithmenos
Fedhas
Nemelex Xobeh
Qazlal
Sif Muna
Trog
Uskayaw
Vehumet
Wu Jian
Yredelemnul
Zin
The Shining One


Innate Abilities, Weirdness & Mutations

You are completely covered in rugged brown scales. (AC +3, +7% HP)
Armour fits poorly on your strangely shaped body.
You have a long armoured tail.
You roll when moving toward enemies. (Rampage)
Your long tongue fully drains potion bottles. (2x potion effects)
Your tongue gives you trouble enunciating. (1.5x scroll delay)


Message History

You feel better.
You slurp down every last drop of the potion of curing!
The iron imp disappears in a puff of smoke!
The sixfirhy hits you but does no damage.
You block the sixfirhy's attack. The sixfirhy hits you.
The sixfirhy shocks you. You resist.
* * * LOW HITPOINT WARNING * * *
You block the orc's attack. The sixfirhy hits you.
* * * LOW HITPOINT WARNING * * *
The sixfirhy shocks you. You resist.
* * * LOW HITPOINT WARNING * * *
You feel yourself speed up.
You slurp down every last drop of the potion of haste!
You block the sixfirhy's attack. You block the orc's attack.
You feel better.
You slurp down every last drop of the potion of curing!
The orc hits you but does no damage.
You barely miss the sixfirhy.
The sixfirhy is lightly wounded.
The white imp puffs mist at you. You block the orc's attack.
You miss the sixfirhy.
The sixfirhy hits you but does no damage. x2
The sixfirhy hits you! The sixfirhy shocks you. You resist.
* * * LOW HITPOINT WARNING * * *
The kobold demonologist miscasts a cantrip.
The orc hits you but does no damage.
Press: ? - help, v - describe, . - travel
Here: an orc, wielding a +0 club and wearing a +0 ring mail The floor.
You bludgeon the orc!!
You kill the orc!
The sixfirhy hits you.
* * * LOW HITPOINT WARNING * * *
The sixfirhy shocks you. You resist.
* * * LOW HITPOINT WARNING * * *
The sixfirhy hits you!
* * * LOW HITPOINT WARNING * * *
The sixfirhy shocks you. You resist.
You die...

########.########.
..................
.......^..#..####.
###.##..###..#
#.##.## ##.###
#.....# #....## #
##..#.## ##.#...
#.5####..##'#
####..
#55K3@).##... ##.
#.#####.)####.
####.. ##..#
#.##.#†.. #....
.#....#. #....#
##.#†#. ##....#
#..#.#. .....#..
#.## .#.....# #.#
.###### #.#


You could see a kobold demonologist, a sixfirhy (summoned), 2 white imps and a
shadow imp (summoned).

Vanquished Creatures
  Grinder (D:3)
  Sigmund (D:2)
  A water moccasin (D:6)
  2 black bears
  An ogre (D:5)
  A centaur (D:6)
  A phantom (D:5)
  A scorpion (D:4)
  A howler monkey (D:6)
  An orc priest (D:4)
  3 hounds
  Crazy Yiuf (D:3)
  2 iguanas
  Ijyb (D:5)
  Terence (D:2)
  3 orc wizards
  Robin (D:3)
  4 gnolls (D:4)
  7 adders
  A white imp (D:5)
  A worm (D:2)
  A dart slug (D:3)
  5 orcs
  8 ball pythons
  5 bats
  7 endoplasms
  2 giant cockroaches (D:1)
  15 goblins
  8 hobgoblins
  5 quokkas
  4 frilled lizards
  10 kobolds
  5 rats
111 creatures vanquished.

Notes
Turn   | Place    | Note
-------+----------+-------------------------------------------
     0 | D:1      | nono the Armataur Fighter began the quest for the Orb.
     0 | D:1      | Reached XP level 1. HP: 19/19 MP: 1/1
   121 | D:1      | Reached XP level 2. HP: 19/26 MP: 2/2
   328 | D:1      | Reached skill level 4 in Armour
   609 | D:2      | Reached XP level 3. HP: 30/33 MP: 3/3
   788 | D:2      | Noticed Sigmund
   793 | D:2      | Killed Sigmund
   794 | D:2      | Reached XP level 4. HP: 36/41 MP: 4/4
   794 | D:2      | Reached XP level 5. HP: 42/48 MP: 5/5
   887 | D:2      | Noticed Terence
   902 | D:2      | Killed Terence
   903 | D:2      | Reached skill level 5 in Armour
  1485 | D:3      | Noticed Grinder
  1570 | D:3      | Found a faded altar of an unknown god.
  1696 | D:3      | Found a runed translucent door.
  1697 | D:3      | Noticed Crazy Yiuf
  1704 | D:3      | Killed Crazy Yiuf
  1705 | D:3      | Reached XP level 6. HP: 16/55 MP: 6/6
  1932 | D:3      | Noticed Robin
  1957 | D:3      | Killed Robin
  2089 | D:3      | Paralysed by Grinder for 2 turns
  2101 | D:3      | Paralysed by Grinder for 3 turns
  2144 | D:3      | Killed Grinder
  2145 | D:3      | Reached skill level 5 in Shields
  2512 | D:4      | Reached XP level 7. HP: 56/63 MP: 7/7
  2664 | D:4      | Found a blossoming altar of Fedhas.
  3091 | D:4      | Reached skill level 6 in Armour
  3516 | D:5      | Entered Level 5 of the Dungeon
  3593 | D:5      | Found a staircase to the Ecumenical Temple.
  3596 | D:5      | Noticed Ijyb
  3603 | Temple   | Entered the Ecumenical Temple
  3698 | Temple   | Became a worshipper of the Shining One
  3776 | D:5      | Killed Ijyb
  3777 | D:5      | Reached skill level 5 in Fighting
  3784 | D:5      | Reached XP level 8. HP: 19/72 MP: 2/8
  4042 | D:5      | Identified the +1 war axe "Loopy" {protect, rF++ Str+3}
  4457 | D:6      | Reached skill level 7 in Armour
  4528 | D:6      | Reached skill level 5 in Maces & Flails
  4656 | D:6      | Noticed a kobold demonologist
  4679 | D:6      | Noticed a sixfirhy
  4684 | D:6      | HP: 2/73 [sixfirhy[a kobold demonologist] (10)]
  4693 | D:6      | HP: 2/73 [sixfirhy[a kobold demonologist] (11)]
  4693 | D:6      | Slain by a sixfirhy

Illustrated notes

Levels and vault maps discovered:
D:1:      scummos_arrival_hexagon, layout_rooms
D:2:      layout_loops_ring, uniq_sigmund, uniq_terence
D:3:      layout_rooms, hellmonk_ecumenical_altar_zigzags, uniq_grinder,
          uniq_crazy_yiuf_cottage, uniq_robin
D:4:      layout_basic, kennysheep_little_box, hangedman_decor_growths,
          hangedman_decor_diamond_cutter, kennysheep_generic_room_3
D:5:      layout_cave_pools, minmay_temple_entry_ruins, serial_bayou_lagoon_a,
          hangedman_abyss_or_decor_lesser_grid, corexii_shack, uniq_ijyb
D:6:      layout_loops_ring, kennysheep_pointless_box, corexii_checkpoint_a,
          minmay_fractal_squares_gapless_5
Temple:   cyrus_circular_temple

Skill      XL: |  1  2  3  4  5  6  7  8 |
---------------+-------------------------+-----
Maces & Flails | 2 3 4 5 |  5.1
Armour         | 4 5 6 7 |  7.3
Fighting       | 3 4 5 |  5.5
Shields        | 4 5 6 |  6.7

Action                     |  1- 3 |  4- 6 |  7- 9 || total
---------------------------+-------+-------+-------++-------
  Melee: Flail             |   120 |   107 |   222 ||   449
         Tailslap          |    10 |    12 |    24 ||    46
         Short sword       |       |    42 |       ||    42
    Use: Scroll            |     1 |     1 |     4 ||     6
         Potion            |     1 |       |     7 ||     8
 Armour: Scale mail        |    96 |    84 |   193 ||   373
  Dodge: Dodged            |    46 |    43 |    96 ||   185
  Block: Buckler           |    31 |    28 |    65 ||   124

Table legend: (Time is in decaauts)
 A = Elapsed time spent in this place.
 B = Non-inter-level travel time spent in this place.
 C = Inter-level travel time spent in this place.
 D = Time resting spent in this place.
 E = Time spent auto-exploring this place.
 F = Levels seen in this place.
 G = Mean time per level.
                   A        B        C        D        E       F      G
               +--------+--------+--------+--------+--------+-----+--------+
         Total |   4807 |   4555 |    252 |    290 |   3032 |   7 |  686.7 |
       Dungeon |   4706 |   4454 |    252 |    290 |   3018 |   6 |  784.3 |
        Temple |    100 |    100 |      0 |      0 |     14 |   1 |  100.0 |
               +--------+--------+--------+--------+--------+-----+--------+

Top non-repeatable levels by time:
     D:3: 1166 daAuts
     D:2: 903 daAuts
     D:4: 899 daAuts
     D:5: 840 daAuts
     D:1: 631 daAuts
     D:6: 265 daAuts
  Temple: 100 daAuts
